 Dungeon Crawl Stone Soup version 0.31-a0-1144-g99969ba1bc (webtiles) character file.

Game seed: 12252400877130823617

236984 Armakuni the Mender (level 19, -21/165 HPs)
             Began as a Human Monk on Dec 5, 2023.
             Was a Priest of Elyvilon.
             Demolished by an ettin
             ... wielding a +1 antimagic dire flail
              (25 damage)
             ... on level 1 of the Vaults on Dec 6, 2023.
             The game lasted 02:23:35 (49080 turns).

Armakuni the Mender (Human Monk)                   Turns: 49080, Time: 02:23:35

Health: -21/165    AC: 21    Str: 14    XL:     19   Next: 99%
Magic:  21/32      EV: 19    Int: 10    God:    Elyvilon [***...]
Gold:   937        SH:  9    Dex: 22    Spells: 18/18 levels left

rFire   . . .        a - +2 double sword (elec)
rCold   . . .        F - +3 warlock's mirror {omnireflect}
rNeg    . . .        I - +0 swamp dragon scales
rPois   +            o - +2 hat {Will+}
rElec   .            q - scarf {repulsion}
rCorr   .            m - +2 pair of gloves
SInv    +            d - +0 pair of boots
Will    +++..        U - amulet of faith
Stlth   +            A - ring "Coomun" {AC+4 SInv}
HPRegen 0.47/turn    W - ring of willpower
MPRegen 0.23/turn

%: repel missiles, reflection, faith
@: no status effects
A: no striking features
}: 2/15 runes: decaying, gossamer
a: Renounce Religion, Purification, Heal Other, Heal Self


You were on level 1 of the Vaults.
You worshipped Elyvilon.
Elyvilon was most pleased with you.
You visited 7 branches of the dungeon, and saw 32 of its levels.

You collected 2669 gold pieces.
You spent 1732 gold pieces at shops.

Inventory:

Hand Weapons
 a - a +2 double sword of electrocution (weapon)
 b - a +5 scimitar of flaming
Armour
 d - a +0 pair of boots (worn)
 m - a +2 pair of gloves (worn)
 o - a +2 hat of willpower (worn)
 q - a scarf of repulsion (worn)
 F - the +3 warlock's mirror (worn) {omnireflect}
   (You acquired it on level 4 of the Dungeon)

   Omnireflect: It can block and reflect piercing ranged attacks and magical
   attacks against the wielder's willpower.
 I - +0 swamp dragon scales (worn)
Jewellery
 i - a ring of protection from fire
 A - the ring "Coomun" (left hand) {AC+4 SInv}
   (You bought it in a shop on level 2 of the Orcish Mines)

   [ring of protection]

   AC+4:      It affects your AC (+4).
   SInv:      It lets you see invisible.
 J - a ring of protection from cold
 L - a ring of flight
 U - an amulet of faith (around neck)
 W - a ring of willpower (right hand)
Wands
 c - a wand of charming (3)
 h - a wand of acid (13)
 k - a wand of digging (2)
 p - a wand of polymorph (14)
 v - a wand of flame (8)
Scrolls
 f - 5 scrolls of identify
 j - 3 scrolls of immolation
 l - a scroll of fear
 n - 7 scrolls of amnesia
 r - 2 scrolls of fog
 y - a scroll of enchant armour
 E - 2 scrolls of noise
 H - a scroll of silence
Potions
 e - 3 potions of magic
 g - 6 potions of ambrosia
 s - 12 potions of curing
 w - 4 potions of enlightenment
 x - 5 potions of lignification
 B - a potion of heal wounds
 C - 2 potions of resistance
 G - 6 potions of brilliance
 M - 4 potions of mutation
Miscellaneous
 t - a tin of tremorstones (2/2)
 D - a sack of spiders


   Skills:
 - Level 18.8 Fighting
 + Level 18.1 Long Blades
 - Level 5.0 Maces & Flails
 - Level 10.0 Armour
 - Level 12.8 Dodging
 - Level 4.0 Shields
 - Level 19.3 Invocations
 - Level 10.0 Evocations


You had 18 spell levels left.
You didn't know any spells.
Your spell library contained the following spells:

 Spells                   Type           Power      Damage    Failure   Level
 Blink                    Tloc           0%         N/A       80%         2
 Lesser Beckoning         Tloc           0%         N/A       80%         2
 Momentum Strike          Conj/Tloc      0%         3d8       80%         2
 Frozen Ramparts          Ice            0%         1d1       95%         3
 Gell's Gravitas          Tloc           0%         N/A       95%         3
 Hailstorm                Conj/Ice       0%         3d5       95%         3
 Ignite Poison            Fire/Tmut/Pois 0%         N/A       95%         3
 Inner Flame              Hex/Fire       0%         N/A       95%         3
 Ozocubu's Armour         Ice            0%         N/A       95%         3
 Teleport Other           Tloc           0%         N/A       95%         3
 Tukima's Dance           Hex            0%         N/A       95%         3
 Volatile Blastmotes      Fire/Tloc      0%         2d10      95%         3
 Dimensional Bullseye     Hex/Tloc       0%         N/A       100%        4
 Flame Wave               Conj/Fire      0%         2d4       100%        4
 Fulminant Prism          Conj/Hex       0%         3d5       100%        4
 Iskenderun's Mystic Bla  Conj/Tloc      0%         2d3       100%        4
 Petrify                  Tmut/Erth      0%         N/A       100%        4
 Sticky Flame             Conj/Fire      0%         2d3       100%        4
 Summon Ice Beast         Ice/Summ       0%         N/A       100%        4
 Vhi's Electric Charge    Tloc/Air       0%         N/A       100%        4
 Arcjolt                  Conj/Air       0%         1d10      100%        5
 Metabolic Englaciation   Hex/Ice        0%         N/A       100%        5
 Summon Forest            Summ/Tloc      0%         N/A       100%        5
 Summon Mana Viper        Hex/Summ       0%         N/A       100%        5
 Yara's Violent Unravell  Hex/Tmut       0%         3d3       100%        5
 Simulacrum               Ice/Necr       0%         N/A       100%        6
 Summon Cactus Giant      Summ           0%         N/A       100%        6
 Enfeeble                 Hex            0%         N/A       100%        7
 Ozocubu's Refrigeration  Ice            0%         4d7       100%        7
 Ignition                 Fire           0%         3d3       100%        8
 Maxwell's Capacitive Co  Air            0%         ∞         100%        8


Dungeon Overview and Level Annotations

Branches:
Dungeon (15/15)            Temple (1/1) D:5            Lair (5/5) D:10
  Swamp (4/4) Lair:2       Spider (4/4) Lair:2        Slime (0/5) Lair:4
    Orc (2/2) D:12            Elf (0/3) Orc:2        Vaults (1/5) D:13
 Depths (0/4) D:15

Altars:
Ashenzari
Cheibriados
Dithmenos
Elyvilon
Fedhas
Gozag
Hepliaklqana
Kikubaaqudgha
Makhleb
Nemelex Xobeh
Okawaru
Qazlal
Ru
Sif Muna
Trog
Uskayaw
Vehumet
Wu Jian
Xom
Yredelemnul
Zin
The Shining One
Jiyva

Shops:
D:4 (   D:6 *   D:11 *   Orc:2 =*[?

Portals:
Pandemonium: Orc:2

Annotations:
D:11 4 transporters
Orc:2 2 transporters, TobyConnect's ghost, journeyman DEFE


Message History

There is an open door here.
The ettin misses you. The ettin closely misses you.
You slice the vault warden!!
The vault warden is moderately wounded.
The ettin barely misses you.
The ettin hits you with a +0 dire flail!!
The vault warden hits you with a +0 broad axe!!
The vault warden blocks your attack.
The vault warden is moderately wounded.
The ettin hits you with a +1 antimagic dire flail!!
You feel your power leaking away. The ettin closely misses you.
You block the ettin's attack. The ettin closely misses you.
The vault warden hits you with a +0 broad axe!
You are too injured to fight recklessly!
You are too injured to fight recklessly!
You are too injured to fight recklessly!
You are too injured to fight recklessly!
You are too injured to fight recklessly!
You are too injured to fight recklessly!
You are too injured to fight recklessly!
You are too injured to fight recklessly!
You are too injured to fight recklessly!
You are too injured to fight recklessly!
You are too injured to fight recklessly!
You are too injured to fight recklessly!
You are too injured to fight recklessly!
You are too injured to fight recklessly!
The ettin hits you with a +1 antimagic dire flail!
You feel your power leaking away.
The ettin hits you with a +0 dire flail!!
* * * LOW HITPOINT WARNING * * *
The ettin attacks as it pursues you! The ettin closely misses you.
The ettin hits you with a +0 dire flail!!
* * * LOW HITPOINT WARNING * * *
The vault warden hits you with a +0 broad axe!!
* * * LOW HITPOINT WARNING * * *
You block the ettin's attack.
The ettin hits you with a +0 dire flail!!
You die...

##'## #...#
#...#
########
#...#
#......#
#...#
#......######
#...#
#......#.....
#[..#
#..)...'.....
###+#'###
#.∩).).#.....
#=...C.@#
#......#.....
#....pC.#
########.....
#.......#
#.....
#...../.#
#.....
#########
###### ## #.


You could see a vault warden and 2 ettins.

Vanquished Creatures
  Bai Suzhen (Swamp:4)
  Saint Roka (Orc:2)
  Arachne (Spider:2)
  A tentacled monstrosity (Swamp:3)
  A sphinx (Vaults:1)
  Gastronok (D:8)
  3 thorn hunters
  A tengu reaver (D:13)
  Kirke (D:15)
  Donald (Spider:1)
  7 emperor scorpions
  2 orc warlords
  5 ghost moths
  3 ironbound preservers (Vaults:1)
  An ironbound thunderhulk (Vaults:1)
  A bunyip (Swamp:2)
  3 eleionomae
  A dire elephant (Vaults:1)
  An ettin (Vaults:1)
  5 entropy weavers
  3 yaktaur captains (Vaults:1)
  Snorg (Lair:4)
  A deep elf high priest (Vaults:1)
  An ice dragon (Lair:5)
  11 hydras
  2 demonspawn (Orc:2)
  5 centaur warriors
  A catoblepas (D:13)
  7 ghost crabs
  A rakshasa (D:15)
  An ironbound frostheart (D:13)
  9 alligators
  6 two-headed ogres
  6 boulder beetles
  2 death yaks
  2 orc high priests (Orc:2)
  2 demonic crawlers
  3 tengu warriors (D:15)
  An occultist (D:15)
  Urug (Lair:4)
  A soul eater (Orc:2)
  2 pharaoh ants (Spider:4)
  2 skeletal warriors (D:14)
  3 goliath frogs
  4 spriggan druids
  A sun moth (Spider:4)
  6 bog bodies
  4 deep trolls
  14 slime creatures
  10 swamp dragons
  4 orb spiders
  A lindwurm (Lair:5)
  Pikel (D:9)
  2 ironbound convokers (Vaults:1)
  7 orc knights
  5 deep elf pyromancers
  4 ugly things
  6 steelbarb worms
  5 orc sorcerers
  A moth of wrath (Spider:4)
  7 will-o-the-wisps
  12 wolf spiders
  4 cyclopes
  A black mamba (shapeshifter) (D:13)
  3 black mambas (Lair:4)
  5 vault sentinels (Vaults:1)
  2 gargoyles
  15 cane toads
  7 elephants
  2 unseen horrors
  2 torpor snails (Spider:2)
  4 rime drakes
  An efreet (D:13)
  8 komodo dragons
  A meliai (Lair:4)
  A queen bee (Lair:4)
  5 trolls
  17 tyrant leeches
  2 polar bears
  15 hornets
  A wolf spider simulacrum (D:14)
  15 tarantellas
  8 dream sheep
  12 blink frogs
  Grinder (D:5)
  27 jumping spiders
  17 culicivoras
  10 spriggans
  3 shadows
  39 yaks
  9 wyverns
  3 wraiths
  2 hogs (D:15)
  8 basilisks
  2 chaos spawn (Orc:2)
  A human (D:13)
  7 vampire mosquitoes (Spider:3)
  7 steam dragons
  72 redbacks
  2 wargs (Orc:2)
  13 swamp worms
  3 acid dragons
  34 water moccasins
  A black bear (D:4)
  6 swamp drakes
  27 orc warriors
  5 ogres
  8 wolves
  An ice beast (D:6)
  3 lemures (D:9)
  14 centaurs
  5 phantoms
  3 kobold brigands
  A gnoll sergeant (D:11)
  11 bullfrogs
  4 wights
  6 scorpions
  24 killer bees
  4 troll zombies (D:12)
  An electric eel (Spider:3)
  3 howler monkeys
  2 jellies
  22 orc priests
  7 hounds
  22 orc wizards
  2 sleepcaps
  Natasha (thrice) (D:3)
  10 iguanas
  4 ogre zombies (D:12)
  11 gnolls
  7 adders
  A shadow imp (D:6)
  2 white imps
  2 ufetubi (D:5)
  2 dart slugs
  80 orcs
  9 endoplasms
  A giant cockroach (D:2)
  2 gnoll zombies (D:12)
  17 goblins
  14 hobgoblins
  27 kobolds
  4 quokkas
  5 ball pythons
  2 bats (D:1)
  A frilled lizard (shapeshifter) (D:14)
  2 frilled lizards (D:3)
  4 gnoll skeletons (D:12)
  4 orc skeletons (D:12)
  15 orc zombies (D:12)
  6 rats
1017 creatures vanquished.

Vanquished Creatures (collateral kills)
  A steelbarb worm (Spider:3)
  A redback (Spider:3)
  3 orc warriors (Orc:2)
  3 orc priests
  2 orc wizards (Orc:1)
  6 orcs
16 creatures vanquished.

Vanquished Creatures (others)
  A vault warden (Vaults:1)
  An ettin (D:15)
  3 centaur warriors
  3 death yaks (Lair:4)
  2 orc high priests (Orc:2)
  A demonic crawler (Spider:2)
  A deep troll (Vaults:1)
  3 ironbound convokers (Vaults:1)
  A wolf spider (Spider:3)
  An ugly thing (D:13)
  2 orc sorcerers (Orc:2)
  An elephant (Lair:4)
  A rust devil (Orc:2)
  5 cane toads
  A torpor snail (Spider:4)
  4 bloated husks
  3 meliai
  A tyrant leech (Spider:3)
  3 hornets
  A tarantella (Spider:1)
  6 dream sheep (Lair:5)
  A spriggan (Swamp:4)
  2 yaks (Lair:4)
  3 hogs (D:15)
  A redback (Spider:4)
  2 swamp worms
  A water moccasin (Lair:5)
  3 orc warriors
  A swamp drake (Swamp:4)
  2 centaurs
  5 killer bees (Lair:4)
  4 orc priests
  45 foxfires
115 creatures vanquished.

Grand Total: 1148 creatures vanquished

Notes
Turn   | Place    | Note
-------+----------+-------------------------------------------
     0 | D:1      | Armakuni the Human Monk began the quest for the Orb.
     0 | D:1      | Reached XP level 1. HP: 18/18 MP: 1/1
   105 | D:1      | Reached XP level 2. HP: 24/24 MP: 2/2
   406 | D:1      | Reached XP level 3. HP: 13/29 MP: 3/3
   808 | D:2      | Found a faded altar of an unknown god.
   897 | D:2      | Reached XP level 4. HP: 21/35 MP: 2/4
   962 | D:2      | Identified the +7 flail "Essyeqi" {flame, rC+ MP+9}
  1252 | D:2      | Found a sparkling altar of Nemelex Xobeh.
  1562 | D:3      | Noticed a scorpion
  1711 | D:3      | Killed a scorpion
  1712 | D:3      | Reached skill level 5 in Long Blades
  1712 | D:3      | Reached XP level 5. HP: 23/41 MP: 5/5
  1986 | D:3      | Noticed Natasha
  1995 | D:3      | Killed Natasha
  2039 | D:3      | Noticed Natasha
  2048 | D:3      | Killed Natasha
  2124 | D:3      | Noticed Natasha
  2134 | D:3      | Killed Natasha
  2135 | D:3      | Reached XP level 6. HP: 32/47 MP: 6/6
  2286 | D:4      | Found a stormy altar of Qazlal.
  2308 | D:4      | Identified a scroll of acquirement
  2308 | D:4      | Acquired the +3 warlock's mirror {omnireflect}
  2308 | D:4      | Found the +3 warlock's mirror {omnireflect}
  2349 | D:4      | Noticed an ogre
  2356 | D:4      | Killed an ogre
  2357 | D:4      | Reached skill level 1 in Shields
  2357 | D:4      | Reached skill level 1 in Evocations
  2367 | D:4      | Found Idyvy's Antique Weapon Emporium.
  2381 | D:4      | Reached XP level 7. HP: 42/52 MP: 7/7
  2812 | D:4      | Noticed a water moccasin
  2821 | D:4      | Killed a water moccasin
  2822 | D:4      | Reached XP level 8. HP: 51/58 MP: 8/8
  2949 | D:4      | Reached skill level 5 in Evocations
  3244 | D:5      | Entered Level 5 of the Dungeon
  3302 | D:5      | Reached skill level 1 in Armour
  3496 | D:5      | Found a staircase to the Ecumenical Temple.
  3542 | Temple   | Entered the Ecumenical Temple
  3884 | D:5      | Noticed Grinder
  3901 | D:5      | Killed Grinder
  3902 | D:5      | Reached skill level 5 in Fighting
  4008 | D:5      | Identified the +1 leather armour of Spaghetti {Will++
                  | Dex+2}
  4171 | D:6      | Found a basalt altar of Yredelemnul.
  4210 | D:6      | Reached XP level 9. HP: 65/68 MP: 9/9
  4592 | D:6      | Reached skill level 5 in Dodging
  4804 | D:6      | Acquired a manual of Fighting
  4806 | D:6      | Acquired a manual of Fighting
  4851 | D:6      | Reached skill level 1 in Maces & Flails
  4968 | D:6      | Found Goph's General Store.
  5506 | D:7      | Noticed a hornet
  5514 | D:7      | Killed a hornet
  5754 | D:7      | Reached XP level 10. HP: 67/81 MP: 10/10
  5999 | D:7      | Reached skill level 10 in Fighting
  6013 | D:8      | Noticed Gastronok
  6029 | D:8      | Killed Gastronok
  6362 | D:8      | Found a white marble altar of Elyvilon.
  6370 | D:8      | Became a worshipper of Elyvilon the Healer
  6370 | D:8      | Reached * piety under Elyvilon
  6370 | D:8      | Reached ** piety under Elyvilon
  6947 | D:9      | Noticed Pikel
  6995 | D:9      | Killed Pikel
  7076 | D:9      | Reached XP level 11. HP: 101/101 MP: 11/11
  7086 | D:9      | Reached skill level 1 in Invocations
  7095 | D:9      | Reached skill level 2 in Invocations
  7285 | D:9      | Reached skill level 3 in Invocations
  7418 | D:9      | Reached skill level 4 in Invocations
  7796 | D:10     | Entered Level 10 of the Dungeon
  7816 | D:9      | Reached skill level 5 in Invocations
  7982 | D:10     | Noticed a two-headed ogre
  7990 | D:10     | Reached skill level 6 in Invocations
  7991 | D:10     | Killed a two-headed ogre
  7992 | D:10     | Reached skill level 7 in Invocations
  8341 | D:10     | Found a shadowy altar of Dithmenos.
  8341 | D:10     | Found a hide-covered altar of Uskayaw.
  8362 | D:10     | Reached skill level 8 in Invocations
  8775 | D:10     | Found a staircase to the Lair.
  9009 | Lair:1   | Entered Level 1 of the Lair of Beasts
  9025 | D:10     | Reached skill level 9 in Invocations
  9092 | Lair:1   | Reached *** piety under Elyvilon
  9240 | Lair:1   | Noticed an elephant
  9240 | Lair:1   | Noticed an elephant
  9240 | Lair:1   | Noticed an elephant
  9242 | Lair:1   | Noticed an elephant
  9274 | D:10     | Killed an elephant
  9275 | D:10     | Reached skill level 10 in Invocations
  9318 | Lair:1   | Killed an elephant
  9326 | Lair:1   | Killed an elephant
  9327 | Lair:1   | Reached XP level 12. HP: 39/108 MP: 19/19
  9867 | Lair:1   | Reached skill level 11 in Invocations
 10096 | Lair:1   | Reached skill level 12 in Invocations
 10788 | Lair:2   | Noticed a five-headed hydra
 10790 | Lair:2   | Pacified a five-headed hydra
 10791 | Lair:2   | Reached skill level 15 in Fighting
 10924 | Lair:2   | Found a hole to the Spider Nest.
 10965 | Lair:2   | Found a staircase to the Swamp.
 11470 | Lair:2   | Noticed a five-headed hydra
 11471 | Lair:2   | Pacified a five-headed hydra
 11807 | Lair:3   | Noticed a skyshark
 11808 | Lair:3   | Pacified a skyshark
 12087 | Lair:3   | Reached XP level 13. HP: 85/122 MP: 22/22
 13357 | Lair:4   | Reached skill level 5 in Maces & Flails
 13361 | Lair:4   | Noticed Urug
 13596 | Lair:4   | Noticed a seven-headed hydra
 13604 | Lair:4   | Pacified a seven-headed hydra
 14086 | Lair:4   | Noticed Snorg
 14227 | Lair:4   | Killed Snorg
 14228 | Lair:4   | Reached skill level 13 in Invocations
 14470 | Lair:5   | Entered Level 5 of the Lair of Beasts
 14596 | Lair:4   | Reached XP level 14. HP: 121/131 MP: 24/24
 14972 | Lair:4   | Found a viscous altar of Jiyva.
 14972 | Lair:4   | Found a staircase to the Slime Pits.
 15002 | Lair:4   | Killed Urug
 15284 | Lair:5   | Reached skill level 14 in Invocations
 16532 | D:11     | Found a transporter.
 16536 | D:11     | Found a transporter.
 16584 | D:11     | Found a transporter.
 16713 | D:11     | Found Ekeozini's Assorted Antiques.
 16718 | D:11     | Found a transporter.
 16719 | D:11     | Bought a scroll labelled COHIEB GANOFETEIM for 27 gold
                  | pieces
 17343 | D:12     | Found a staircase to the Orcish Mines.
 17396 | D:12     | Reached skill level 10 in Dodging
 17882 | D:12     | Reached skill level 15 in Invocations
 19281 | D:13     | Reached skill level 5 in Armour
 19374 | D:13     | Reached **** piety under Elyvilon
 19414 | D:13     | Identified the beast talisman "Jousoyll" {Will+}
 20317 | Orc:1    | Entered Level 1 of the Orcish Mines
 20717 | Orc:1    | Reached XP level 15. HP: 90/138 MP: 26/26
 21155 | Orc:2    | Entered Level 2 of the Orcish Mines
 21464 | Orc:2    | Noticed Saint Roka
 21709 | Orc:2    | Found Suuzyf's Magic Scroll Shop.
 21770 | Orc:2    | Found Opsaopow's General Store.
 21801 | Orc:2    | Bought a scroll of blinking for 120 gold pieces
 21801 | Orc:2    | Bought a scroll of blinking for 120 gold pieces
 22525 | Orc:2    | Reached skill level 10 in Long Blades
 22627 | Orc:2    | Found Domoder's Antique Armour Emporium.
 22627 | Orc:2    | Found Xobelole's Jewellery Shoppe.
 22629 | Orc:2    | Found a one-way gate leading to the halls of Pandemonium.
 22633 | Orc:2    | Bought the ring "Coomun" {AC+4 SInv} for 660 gold pieces
 22641 | Orc:2    | Bought a shiny scale mail for 231 gold pieces
 22722 | Orc:1    | You fall into a shaft and drop 1 floor!
 22742 | Orc:2    | Found a staircase to the Elven Halls.
 22746 | Orc:2    | Noticed TobyConnect's ghost (journeyman DEFE)
 22760 | Orc:2    | Noticed an orc warlord
 22762 | Orc:2    | Found a transporter.
 22915 | D:13     | Found a gate to the Vaults.
 23466 | D:14     | Found a hide-covered altar of Uskayaw.
 24018 | D:14     | Found a stormy altar of Qazlal.
 24502 | D:14     | Identified the +6 short sword of Guamuimu {drain, MP+9
                  | Dex-5 Stlth+}
 24678 | D:15     | Entered Level 15 of the Dungeon
 25481 | D:15     | Reached XP level 16. HP: 115/145 MP: 27/27
 25643 | D:15     | Noticed Kirke
 25662 | D:15     | Killed Kirke
 25792 | D:15     | Found a staircase to the Depths.
 27705 | Lair:5   | Identified the +7 morningstar of the Madman {venom, Contam
                  | Int+2 Dex+4 SInv}
 27924 | Lair:5   | Reached skill level 10 in Armour
 28678 | D:6      | Bought a +2 plate armour of poison resistance for 518 gold
                  | pieces
 29065 | Orc:2    | Killed Saint Roka
 29201 | Orc:2    | Found a transporter.
 29524 | Orc:1    | Noticed a kraken
 30165 | Swamp:1  | Entered Level 1 of the Swamp
 30252 | Swamp:1  | Reached XP level 17. HP: 100/151 MP: 22/28
 31006 | Swamp:1  | Noticed a thorn hunter
 31185 | Swamp:1  | Killed a thorn hunter
 32140 | Swamp:2  | HP: 6/151 [will-o-the-wisp/foxfire (14)]
 32469 | Spider:1 | Entered Level 1 of the Spider Nest
 33403 | Spider:1 | Noticed Donald
 33721 | D:6      | Bought a scroll of immolation for 56 gold pieces
 34168 | Spider:1 | Killed Donald
 35608 | Spider:2 | Reached skill level 15 in Long Blades
 35960 | Spider:2 | Noticed Arachne
 37114 | Spider:2 | Killed Arachne
 38338 | Spider:3 | Reached XP level 18. HP: 159/159 MP: 29/29
 38358 | Spider:4 | Entered Level 4 of the Spider Nest
 40142 | Spider:4 | Reached skill level 16 in Invocations
 41698 | Spider:4 | Reached skill level 17 in Invocations
 42584 | Spider:4 | Got a gossamer rune of Zot
 43298 | Swamp:2  | Reached skill level 18 in Invocations
 43449 | Swamp:2  | You fall into a shaft and drop 1 floor!
 43483 | Swamp:3  | Noticed a tentacled monstrosity
 43495 | Swamp:3  | Killed a tentacled monstrosity
 44343 | Swamp:2  | Reached XP level 19. HP: 165/165 MP: 32/32
 44544 | Swamp:3  | Identified the +5 rapier of the Valley {antimagic, rC+}
 45237 | Swamp:4  | Entered Level 4 of the Swamp
 45242 | Swamp:4  | Reached skill level 19 in Invocations
 45298 | Swamp:4  | Noticed Bai Suzhen
 45430 | Swamp:4  | Identified the +2 robe "Wuano" {+Blink}
 45819 | Swamp:4  | Identified the +0 hand axe of the Reaper {protect, +Blink
                  | rC- rCorr Dex+3}
 46310 | Swamp:4  | Upgraded the game from 0.31-a0-1134-gb247575874 to
                  | 0.31-a0-1144-g99969ba1bc
 46329 | Swamp:4  | Reached skill level 10 in Evocations
 46342 | Swamp:4  | Killed Bai Suzhen
 46892 | Swamp:4  | Got a decaying rune of Zot
 47419 | Vaults:1 | Entered Level 1 of the Vaults
 48364 | Vaults:1 | Elyvilon protects you from harm!
 48366 | Vaults:1 | HP: 6/165 [deep troll[an ironbound preserver] (10)]
 48372 | Vaults:1 | Elyvilon protects you from harm!
 48375 | Vaults:1 | HP: 8/165 [ironbound preserver/+0 morningstar[a vault
                  | warden] (1)]
 48744 | Vaults:1 | Identified the +3 dagger of the Turnip {freeze, rF- Will+
                  | Str+3}
 49079 | Vaults:1 | HP: 4/165 [vault warden/+0 broad axe (23)]
 49080 | Vaults:1 | Identified the ring "Pecsawne" {Fly rElec rF+ Str-4}
 49080 | Vaults:1 | Demolished by an ettin

Illustrated notes

Levels and vault maps discovered:
D:1:      minmay_arrival_four_loops, layout_loops_ring, minmay_close_crescents
D:2:      layout_loops_ring, basic_altar, hellmonk_ecumenical_altar_lost_god
D:3:      layout_rooms, uniq_natasha
D:4:      layout_loops_corners, lemuel_tele_altar, serial_shops, shop,
          grunt_decor_arrowhead
D:5:      layout_loops_ring, minmay_temple_entry_nine_rooms,
          serial_library_regret_index_double_sided, uniq_grinder
D:6:      corexii_shantytown, layout_cave_pools, general_overflow_altar,
          serial_shops, nicolae_shop_just_a_little_nook
D:7:      layout_basic, nicolae_figureground_pulse
D:8:      layout_rooms, elyvilon_altar_1, uniq_gastronok
D:9:      layout_loops_ring, minmay_crystal_water, nicolae_wwwww, uniq_pikel
D:10:     layout_loops_ring, gammafunk_temple_overflow_pools, erik_lair_island
D:11:     layout_roguey, serial_shops, shop, nicolae_transporter_circle
D:12:     layout_stronghold, zombieorc2_lemuel
D:13:     layout_loops_ring, hellmonk_vaults_keyhole
D:14:     layout_irregular_city, lemuel_doored_altar, chequers_mini_garden,
          grunt_qazlal_sundering
D:15:     hangedman_depths_entry_civil_slaughter, layout_stronghold,
          minivault_14, uniq_kirke
Temple:   bh_familiar_temple
Lair:1:   layout_gridlike, grunt_megastairs_3
Lair:2:   layout_hall_layers, skrybe_swamp_entry_bodies, spider_nest_entry_webs,
          minivault_11, st_stairs_8, infiniplex_staircase_pool_2,
          grunt_megastairs_4
Lair:3:   layout_cave_pods, kennysheep_basilisk_garden, grunt_megastairs_1,
          serial_bayou_shore_a
Lair:4:   layout_roguey [special_room_bee], slime_entry_1, uniq_urug, uniq_snorg
Lair:5:   guppyfry_lair_end_dragon, layout_long_grid,
          hangedman_lair_tendril_chambers
Swamp:1:  layout_basic_swamp, evilmike_swamp_ruin_rubble_1,
          nicolae_swamp_soggy_hallways
Swamp:2:  layout_basic_swamp, nicolae_swamp_decorative_isthmus,
          infiniplex_staircase_pool, nicolae_swamp_tree_isthmus
Swamp:3:  layout_basic_swamp, nicolae_swamp_very_dense_foliage
Swamp:4:  swamp, layout_basic_swamp, swamp_pool_3, uniq_bai_suzhen
Spider:1: layout_spider_delve, hangedman_spider_tarantella_strand, uniq_donald
Spider:2: layout_spider_delve, uniq_arachne
Spider:3: layout_spider_delve, nicolae_spider_swamp_cousins
Spider:4: grunt_spider_rune_circles, drop_trap
Orc:1:    layout_caves, serial_shops, mainiacjoe_minedec_watcher_in_the_water
Orc:2:    pf_orc_diabolical, layout_caves, gammafunk_ghost_arena,
          lemuel_statue_altar, uniq_saint_roka
Vaults:1: dpeg_vaults_waves, nicolae_vaults_storage_room_statues,
          nicolae_vaults_network_barrier, vaults_room_hallway, v_misc_3,
          hangedman_vaults_hat, nicolae_vaults_mini_display_case,
          nicolae_vaults_door_testing_chamber, layout_vaults_omnigrid,
          serial_shops, bzr_entry_lakeside

Skill      XL: |  1  2  3  4  5  6  7  8  9 10 11 12 13 14 15 16 17 18 19 |
---------------+----------------------------------------------------------+-----
Long Blades    | 4 5 6 7 12 14 16 18 | 18.1
Shields        | 2 4 |  4.0
Evocations     | 2 4 5 6 9 10 | 10.0
Armour         | 3 6 10 | 10.0
Fighting       | 5 8 14 17 18 | 18.8
Dodging        | 5 8 10 12 | 12.8
Maces & Flails | 3 5 |  5.0
Invocations    | 10 12 13 15 18 19 | 19.3

Action                     |  1- 3 |  4- 6 |  7- 9 | 10-12 | 13-15 | 16-18 | 19-21 || total
---------------------------+-------+-------+-------+-------+-------+-------+-------++-------
  Melee: Falchion          |    69 |       |       |       |       |       |       ||    69
         Flail             |       |    63 |   279 |   496 |   834 |       |       ||  1672
         Scimitar          |       |       |       |       |   199 |   657 |    51 ||   907
         Double sword      |       |       |       |       |       |   921 |   496 ||  1417
  Throw: Throwing net      |       |       |     1 |     1 |     4 |       |       ||     6
 Invoke: Heal Other        |       |       |       |    12 |    60 |    62 |     8 ||   142
         Purification      |       |       |       |     5 |     7 |    17 |     1 ||    30
         Heal Self         |       |       |       |     2 |     6 |       |     7 ||    15
  Evoke: Wand              |       |     3 |     7 |    10 |    29 |    34 |    12 ||    95
         Tin of tremorston |       |       |       |       |       |     4 |       ||     4
         Sack of spiders   |       |       |       |       |       |       |     1 ||     1
    Use: Scroll            |     1 |     5 |     6 |    11 |    15 |    19 |     1 ||    58
         Potion            |       |       |       |     2 |     9 |    13 |     2 ||    26
   Stab: Held in net/web   |       |       |     1 |       |     3 |       |       ||     4
         Sleeping          |       |       |     7 |     2 |     2 |       |       ||    11
         Confused          |       |       |       |     1 |       |       |       ||     1
         Distracted        |       |       |       |     2 |     2 |     2 |       ||     6
         Petrified         |       |       |       |     9 |     9 |       |       ||    18
         Petrifying        |       |       |       |     2 |     1 |       |       ||     3
         Invisible         |       |       |       |       |     6 |     2 |       ||     8
 Armour: Robe              |     8 |       |       |       |       |       |       ||     8
         Ring mail         |    30 |    31 |    82 |       |       |       |       ||   143
         Scale mail        |       |    25 |       |       |   148 |   192 |       ||   365
         Leather armour    |       |       |    75 |   357 |   478 |       |       ||   910
         Plate armour      |       |       |       |       |       |  1193 |   184 ||  1377
         Chain mail        |       |       |       |       |       |     3 |       ||     3
         Swamp dragon scal |       |       |       |       |       |       |   311 ||   311
  Dodge: Dodged            |    28 |    38 |   149 |   390 |   761 |   838 |   398 ||  2602
         Repelled          |       |       |       |       |       |     1 |     9 ||    10
  Block: Buckler           |       |     5 |   155 |   273 |   527 |   748 |   255 ||  1963
         Reflection        |       |       |     6 |     8 |    40 |    23 |    25 ||   102

Table legend: (Time is in decaauts)
 A = Elapsed time spent in this place.
 B = Non-inter-level travel time spent in this place.
 C = Inter-level travel time spent in this place.
 D = Time resting spent in this place.
 E = Time spent auto-exploring this place.
 F = Levels seen in this place.
 G = Mean time per level.
                   A        B        C        D        E       F      G
               +--------+--------+--------+--------+--------+-----+--------+
         Total |  49326 |  45743 |   3583 |  16294 |  17710 |  32 | 1541.4 |
       Dungeon |  18228 |  16628 |   1600 |   3542 |   9203 |  15 | 1215.2 |
        Temple |      1 |      1 |      0 |      0 |      0 |   1 |    1.0 |
          Lair |  10730 |   9900 |    830 |   4622 |   2916 |   5 | 2146.0 |
         Swamp |   6665 |   6340 |    325 |   2900 |   1840 |   4 | 1666.2 |
   Spider Nest |   8589 |   8258 |    331 |   3914 |   2071 |   4 | 2147.2 |
  Orcish Mines |   3685 |   3247 |    438 |    988 |   1015 |   2 | 1842.5 |
        Vaults |   1424 |   1367 |     57 |    325 |    665 |   1 | 1424.0 |
               +--------+--------+--------+--------+--------+-----+--------+

Top non-repeatable levels by time:
Spider:4: 2655 daAuts
 Swamp:1: 2501 daAuts
  Lair:4: 2418 daAuts
Spider:2: 2393 daAuts
    D:12: 2311 daAuts
   Orc:2: 2238 daAuts
  Lair:2: 2195 daAuts
  Lair:5: 2102 daAuts
  Lair:1: 2027 daAuts
  Lair:3: 1986 daAuts
Spider:1: 1889 daAuts
    D:13: 1706 daAuts
    D:10: 1686 daAuts
Spider:3: 1650 daAuts
    D:15: 1608 daAuts
